 Dungeon Crawl Stone Soup version 0.30.1-11-g7821555f0a (webtiles) character file.

Game seed: 3184704244183003590

7 PaiMei the Grave Robber (level 1, -3/13 HPs)
             Began as a Demonspawn Necromancer on Jan 12, 2024.
             Slain by a goblin
             ... wielding a +3 dagger of holy wrath
              (6 damage)
             ... on level 1 of the Dungeon.
             The game lasted 00:00:24 (309 turns).

PaiMei the Grave Robber (Demonspawn Necromancer)     Turns: 309, Time: 00:00:25

Health: -3/13      AC:  2    Str:  8    XL:     1   Next: 91%
Magic:  0/3        EV: 12    Int: 16    God:
Gold:   70         SH:  0    Dex: 13    Spells: 3/4 levels left

rFire   . . .        d - +0 club
rCold   . . .        (no shield)
rNeg    . . .        a - +0 robe
rPois   .            (no helmet)
rElec   .            (no cloak)
rCorr   .            (no gloves)
SInv    .            (no boots)
Will    .....        (no amulet)
Stlth   ++           (no ring)
HPRegen 0.22/turn    (no ring)
MPRegen 0.08/turn

%: no passive effects
@: no status effects
A: no striking features
a: no special abilities


You were on level 1 of the Dungeon.
You visited 1 branch of the dungeon, and saw 1 of its levels.

You collected 70 gold pieces.

Inventory:

Hand Weapons
 d - a +0 club (weapon)
Armour
 a - a +0 robe (worn)
Potions
 b - a potion of magic
 c - a potion of mutation {unknown}


   Skills:
 + Level 2.0 Dodging
 + Level 2.0 Stealth
 + Level 2.1 Spellcasting
 + Level 4.5 Necromancy


You had 3 spell levels left.
You knew the following spells:

 Your Spells              Type           Power      Damage    Failure   Level
a - Necrotise             Necr           64%        1d7       3%          1

Your spell library contained the following spells:

 Spells                   Type           Power      Damage    Failure   Level
 Vampiric Draining        Necr           16%        2d7       10%         3
 Slow                     Hex            4%         N/A       21%         1
 Confusing Touch          Hex            1%         N/A       52%         3
 Animate Dead             Necr           16%        N/A       32%         4
 Agony                    Necr           16%        N/A       65%         5


Dungeon Overview and Level Annotations

Branches:
Dungeon (1/15)

Altars:


Message History

Found a stone staircase leading down.
You now have 70 gold pieces (gained 19).
You open the door.
There is an open door here.
You open the door.
A goblin and a frilled lizard come into view.
The goblin is wielding a +3 dagger of holy wrath.
Casting: Necrotise (safe; 3% risk of failure)
Confirm with . or Enter, or press ? or * to list all spells.
Aiming: Necrotise (safe; 3% risk of failure)
Press: ? - help, Shift-Dir - straight line, f - frilled lizard
Aim: a frilled lizard (asleep, chance to affect: 86%)
The frilled lizard hisses angrily.
The frilled lizard barely resists.
There is an open door here.
Casting: Necrotise (safe; 3% risk of failure)
Confirm with . or Enter, or press ? or * to list all spells.
Aiming: Necrotise (safe; 3% risk of failure)
Press: ? - help, Shift-Dir - straight line, f/p - frilled lizard
Aim: a frilled lizard (chance to affect: 86%)
The frilled lizard writhes in agony!
You kill the frilled lizard!
The goblin shouts!
The dead are walking!
Your Dodging skill increases to level 2!
Casting: Necrotise (safe; 3% risk of failure)
Confirm with . or Enter, or press ? or * to list all spells.
Aiming: Necrotise (safe; 3% risk of failure)
Press: ? - help, Shift-Dir - straight line, f - goblin
Aim: a goblin, wielding a +3 dagger of holy wrath (ally target, chance to affect: 86%)
The goblin writhes in agony.
The goblin hits you with a +3 dagger of holy wrath.
You convulse.
You hit the goblin but do no damage.
The goblin is severely wounded.
The goblin hits you but does no damage.
The goblin hits you with a +3 dagger of holy wrath.
* * * LOW HITPOINT WARNING * * *
You convulse.
You die...

### ############.#
..#..........#
#.#.########.# #g#.# #.#
+#####@#.# #.#
.......Z..# #.#
..........# #####'##
.......>..####......##+#
..........#.............
..........+.............
..........#.............
..........#.............
..........#+#......#..⌠


You could see a goblin (ally target) and a friendly frilled lizard skeleton.

Vanquished Creatures
  A dart slug (D:1)
  2 endoplasms (D:1)
  A goblin (D:1)
  A frilled lizard (D:1)
5 creatures vanquished.

Notes
Turn   | Place    | Note
-------+----------+-------------------------------------------
     0 | D:1      | PaiMei the Demonspawn Necromancer began the quest for the
                  | Orb.
     0 | D:1      | Reached XP level 1. HP: 13/13 MP: 3/3
   309 | D:1      | Slain by a goblin

Illustrated notes

Levels and vault maps discovered:
D:1:      grunt_arrival_crossed_arrows, layout_basic, dreamdust_wishing_well

Skill      XL: |  1 |
---------------+----+-----
Stealth        | 2 |  2.0
Dodging        | 2 |  2.0
Spellcasting   | |  2.1
Necromancy     | |  4.5

Action                     || total
---------------------------++-------
  Melee: Unarmed           ||    11
         Club              ||     2
   Cast: Necrotise         ||    11
 Armour: Robe              ||     1
  Dodge: Dodged            ||     7
